 Dungeon Crawl Stone Soup version 0.29.0-5-ge4962eb29e (webtiles) character file.

Game seed: 5203096381528659150

7509 Zeldest the Evangelist (level 11, -14/85 HPs)
             Began as a Hill Orc Fighter on Aug 30, 2022.
             Was an Elder of Beogh.
             Demolished by a red ugly thing (23 damage)
             ... on level 8 of the Dungeon.
             The game lasted 00:14:16 (6328 turns).

Zeldest the Evangelist (Hill Orc Fighter)           Turns: 6328, Time: 00:14:17

Health: -14/85     AC: 19    Str: 22    XL:     11   Next: 16%
Magic:  20/20      EV:  6    Int:  8    God:    Beogh [****..]
Gold:   305        SH:  0    Dex: 12    Spells: 10/10 levels left

rFire   . . .      SeeInvis .   v - +8 storm bow {elec, penet}
rCold   . . .      Faith    .   (shield currently unavailable)
rNeg    . . .      Spirit   .   H - +0 plate armour
rPois   .          Reflect  .   x - +1 helmet
rElec   .          Harm     .   p - +0 cloak
rCorr   .          Rampage  .   (no gloves)
Will    .....                   f - +0 pair of boots
Stlth   ..........              c - amulet of regeneration
HPRegen 1.04/turn               k - ring of flight
MPRegen 0.17/turn               b - +4 ring of protection

@: flying
A: no striking features
a: Renounce Religion, Smiting, Recall Orcish Followers


You were on level 8 of the Dungeon.
You worshipped Beogh.
Beogh was greatly pleased with you.
You visited 1 branch of the dungeon, and saw 11 of its levels.

You collected 513 gold pieces.
You spent 208 gold pieces at shops.

Inventory:

Hand Weapons
 a - a +1 war axe
 v - the +8 storm bow (weapon) {elec, penet}
   (You found it on level 3 of the Dungeon)

   Any ammunition fired from it occasionally discharges a powerful burst of
   electricity upon striking a foe.
   Any ammunition fired by it passes through the targets it hits, potentially
   hitting all targets in its path until it reaches maximum range.
Missiles
 B - a throwing net
Armour
 f - a +0 pair of boots (worn)
 h - a +0 kite shield
 j - a scarf of shadows
 p - a +0 cloak (worn)
 x - a +1 helmet (worn)
 H - a +0 plate armour (worn)
 K - +0 steam dragon scales
Jewellery
 b - a +4 ring of protection (right hand)
 c - an amulet of regeneration (around neck)
 k - a ring of flight (left hand)
 F - a ring of magical power
 S - a +4 ring of evasion
Wands
 w - a wand of digging (9)
 G - a wand of light (6)
 I - a wand of iceblast (24)
 N - a wand of mindburst (5)
Scrolls
 e - a scroll of blinking
 g - 7 scrolls of magic mapping
 l - 2 scrolls of brand weapon
 o - 2 scrolls of enchant armour
 r - a scroll of immolation
 t - a scroll of torment {unknown}
 y - 2 scrolls of vulnerability {unknown}
 C - a scroll of summoning {unknown}
 D - a scroll of butterflies {unknown}
 E - 4 scrolls of enchant weapon
 M - 4 scrolls of fear {unknown}
 O - 2 scrolls of noise {unknown}
 P - a scroll of teleportation {unknown}
 R - a scroll of identify
Potions
 d - 2 potions of might
 i - 5 potions of flight
 m - a potion of invisibility
 n - 3 potions of curing
 q - a potion of cancellation
 s - a potion of berserk rage
 u - 2 potions of mutation
 z - 2 potions of heal wounds
 A - a potion of lignification {unknown}
 J - a potion of attraction {unknown}
 L - a potion of experience {unknown}
 Q - a potion of ambrosia {unknown}


   Skills:
 - Level 4.6 Fighting
 - Level 5.3 Axes
 * Level 12.1 Ranged Weapons
 - Level 3.2 Armour
 - Level 3.2 Shields
 + Level 12.2 Invocations


You had 10 spell levels left.
You didn't know any spells.
Your spell library contained the following spells:

 Spells                   Type           Power      Damage    Failure   Level
 Static Discharge         Conj/Air       0%         3-3/arc   100%        2
 Dazzling Flash           Conj/Hex       0%         N/A       100%        3
 Gell's Gravitas          Tloc           0%         N/A       100%        3
 Portal Projectile        Hex/Tloc       0%         N/A       100%        3
 Teleport Other           Tloc           0%         N/A       100%        3
 Tukima's Dance           Hex            0%         N/A       100%        3
 Dispel Undead            Necr           0%         3d6       100%        4
 Iskenderun's Mystic Bla  Conj/Tloc      0%         2d3       100%        4
 Sticky Flame             Conj/Fire      0%         2d3       100%        4
 Summon Lightning Spire   Summ/Air       0%         N/A       100%        4
 Blade Hands              Tmut           0%         N/A       100%        5
 Fireball                 Conj/Fire      0%         3d3       100%        5
 Iskenderun's Battlesphe  Conj           0%         2d6       100%        5
 Conjure Ball Lightning   Conj/Air       0%         3x3d6     100%        6
 Dispersal                Tloc           0%         N/A       100%        6
 Starburst                Conj/Fire      0%         6d3       100%        6
 Orb of Destruction       Conj           0%         9d5       100%        7
 Storm Form               Tmut/Air       0%         N/A       100%        7
 Maxwell's Capacitive Co  Air            0%         ∞         100%        8


Dungeon Overview and Level Annotations

Branches:
Dungeon (11/15)            Temple (0/1) D:4
   Lair: D:8-11         Orc: D:9-12

Altars:
Okawaru
Trog
Zin

Shops:
D:4 !   D:10 *


Message History

Fire: v) +8 storm bow {elec, penet}
Press: ? - help, Q - select action, (/) - cycle Shift-Dir - straight line, f/p - red ugly thing
Aim: a red ugly thing (heavily wounded, 71% to hit)
You shoot an arrow.
The arrow pierces through the red ugly thing!
Lightning courses through the red ugly thing!
The red ugly thing is almost dead.
The red ugly thing punches you but does no damage.
Fire: v) +8 storm bow {elec, penet}
Press: ? - help, Q - select action, (/) - cycle Shift-Dir - straight line, f/p - red ugly thing
Aim: a red ugly thing (almost dead, 71% to hit)
You shoot an arrow.
The arrow pierces through the red ugly thing.
The red ugly thing is almost dead.
The red ugly thing punches you but does no damage. x2
Fire: v) +8 storm bow {elec, penet}
Press: ? - help, Q - select action, (/) - cycle Shift-Dir - straight line, f/p - red ugly thing
Aim: a red ugly thing (almost dead, 71% to hit)
You shoot an arrow.
The arrow completely misses the red ugly thing.
The red ugly thing punches you but does no damage.
Fire: v) +8 storm bow {elec, penet}
Press: ? - help, Q - select action, (/) - cycle Shift-Dir - straight line, f/p - red ugly thing
Aim: a red ugly thing (almost dead, 71% to hit)
You shoot an arrow.
The arrow pierces through the red ugly thing!
The red ugly thing is almost dead.
The red ugly thing punches you but does no damage. x2
Fire: v) +8 storm bow {elec, penet}
Press: ? - help, Q - select action, (/) - cycle Shift-Dir - straight line, f/p - red ugly thing
Aim: a red ugly thing (almost dead, 71% to hit)
You shoot an arrow.
The arrow pierces through the red ugly thing.
The red ugly thing is almost dead.
The red ugly thing punches you.
You are engulfed in flames!!
* * * LOW HITPOINT WARNING * * *
The red ugly thing punches you.
* * * LOW HITPOINT WARNING * * *
You are engulfed in flames!!
You die...

.≈≈#
#..............#
.≈)#
###.)........###
.≈≈######..........#
...##..####......###
.....o.####......#
...##....####..###
...###.#)## #..###
...# #.#..#.#....#
..## #.#..#.###.@#
.## #.#..#.###.u# ##
#........#..#
###........<.
#.##........ #####
#.##.###.###. #...#
#....# #.# ##
##...######o# #.#
......#####.###.#


You could see a red ugly thing.

Vanquished Creatures
  A centaur warrior (D:8)
  A two-headed ogre (D:9)
  Pikel (D:5)
  A cyclops (D:8)
  2 trolls (D:9)
  A vampire (D:11)
  A shadow (D:11)
  A wraith (D:8)
  A wyvern (D:8)
  A yak (D:8)
  A steam dragon (D:7)
  A water moccasin (shapeshifter) (D:8)
  2 water moccasins
  5 ice beasts
  2 orc warriors
  An ogre (D:6)
  8 centaurs
  A lemure (D:5)
  3 phantoms
  2 kobold brigands
  A scorpion (D:5)
  A gnoll sergeant (D:8)
  2 necrophages
  2 jellies
  10 wights
  5 killer bees (D:7)
  A howler monkey (D:6)
  5 hounds
  2 orc priests
  7 orc wizards
  2 gnoll boudas
  2 iguanas
  Robin (D:4)
  10 gnolls
  5 adders
  A shadow imp (D:5)
  2 white imps
  An ufetubus (D:6)
  An adder zombie (D:3)
  2 adder skeletons (D:3)
  A worm (D:3)
  2 dart slugs
  30 orcs
  7 ball pythons
  4 bats
  3 endoplasms
  3 giant cockroaches
  22 goblins
  9 hobgoblins
  4 quokkas
  A ball python skeleton (D:3)
  A frilled lizard (D:3)
  9 kobolds
  2 rats
198 creatures vanquished.

Vanquished Creatures (collateral kills)
  A two-headed ogre (D:9)
  A bullfrog (D:8)
  A kobold brigand (D:8)
  An orc priest (D:9)
  An orc wizard (D:9)
  An orc (D:9)
  2 kobolds (D:9)
8 creatures vanquished.

Vanquished Creatures (others)
  An orc warrior (D:8)
  An orc wizard (D:9)
  6 orcs
  A plant (D:4)
  4 withered plants (D:3)
13 creatures vanquished.

Grand Total: 219 creatures vanquished

Notes
Turn   | Place    | Note
-------+----------+-------------------------------------------
     0 | D:1      | Zeldest the Hill Orc Fighter began the quest for the Orb.
     0 | D:1      | Reached XP level 1. HP: 19/19 MP: 1/1
   222 | D:1      | Reached XP level 2. HP: 27/27 MP: 2/2
   267 | D:1      | Found a faded altar of an unknown god.
   805 | D:2      | Reached XP level 3. HP: 33/33 MP: 3/3
  1434 | D:3      | Reached XP level 4. HP: 41/41 MP: 4/4
  1578 | D:3      | Reached skill level 5 in Axes
  1657 | D:3      | Found a glowing silver altar of Zin.
  1833 | D:3      | Became a worshipper of Beogh the Brigand
  2060 | D:3      | Found the +8 storm bow {elec, penet}
  2304 | D:4      | Reached skill level 1 in Invocations
  2307 | D:4      | Reached skill level 1 in Ranged Weapons
  2307 | D:4      | Reached XP level 5. HP: 32/47 MP: 4/6
  2501 | D:4      | Noticed a phantom
  2507 | D:4      | Killed a phantom
  2508 | D:4      | Reached XP level 6. HP: 53/53 MP: 6/8
  2572 | D:4      | Found Weshruob's Distillery.
  2578 | D:4      | Bought a potion of degeneration for 10 gold pieces
  2639 | D:4      | Noticed Robin
  2647 | D:4      | Reached * piety under Beogh
  2649 | D:4      | Killed Robin
  3061 | D:4      | Found a staircase to the Ecumenical Temple.
  3243 | D:5      | Entered Level 5 of the Dungeon
  3255 | D:5      | Reached XP level 7. HP: 48/60 MP: 9/9
  3385 | D:5      | Noticed Pikel
  3391 | D:5      | Killed Pikel
  3392 | D:5      | Reached skill level 5 in Ranged Weapons
  3392 | D:5      | Reached XP level 8. HP: 65/67 MP: 10/12
  3488 | D:5      | Reached ** piety under Beogh
  3994 | D:6      | Reached XP level 9. HP: 67/72 MP: 14/14
  4650 | D:7      | Found a bloodstained altar of Trog.
  4965 | D:8      | You are sucked into a shaft and drop 3 floors!
  5046 | D:11     | Reached XP level 10. HP: 80/80 MP: 17/17
  5046 | D:11     | Reached *** piety under Beogh
  5052 | D:11     | Reached skill level 10 in Ranged Weapons
  5052 | D:11     | Reached skill level 10 in Invocations
  5098 | D:10     | Entered Level 10 of the Dungeon
  5098 | D:10     | Found Giott's Assorted Antiques.
  5101 | D:10     | Bought a scroll labelled TIMOOPP MIUT for 33 gold pieces
  5101 | D:10     | Bought a scroll labelled MEURIRU MOWN for 33 gold pieces
  5101 | D:10     | Bought a scroll of identify for 66 gold pieces
  5101 | D:10     | Bought a scroll of identify for 66 gold pieces
  5106 | D:9      | Noticed a two-headed ogre
  5112 | D:9      | Killed a two-headed ogre
  5763 | D:9      | Noticed a two-headed ogre
  5769 | D:9      | Killed a two-headed ogre
  5998 | D:8      | Found an iron altar of Okawaru.
  6129 | D:8      | Noticed a centaur warrior
  6129 | D:8      | Noticed a cyclops
  6132 | D:8      | Noticed a red ugly thing
  6140 | D:8      | Killed a centaur warrior
  6140 | D:8      | Reached **** piety under Beogh
  6141 | D:8      | Reached XP level 11. HP: 54/85 MP: 19/19
  6210 | D:8      | Killed a cyclops
  6328 | D:8      | Demolished by a red ugly thing

Illustrated notes

Levels and vault maps discovered:
D:1:      minmay_arrival_semitransparent, layout_loops_ring,
          ebering_ecumenical_altar_abandoned, minmay_octomino_j4
D:2:      layout_loops_ring
D:3:      kennysheep_six_static_rooms, layout_loops_ring, lemuel_round_altar,
          serial_undead, serial_undead_a, serial_undead_c, serial_undead_b,
          serial_undead_e
D:4:      layout_loops_corners, minmay_temple_entry_enclosed_plants,
          serial_shops, kennysheep_little_box, chequers_big_river,
          chequers_serial_rivers_micro_b, uniq_robin
D:5:      nicolae_cairo_tiling_very_big, layout_rooms, uniq_pikel
D:6:      layout_rooms
D:7:      layout_basic, minmay_ruined_shrine
D:8:      minmay_bloctagon, layout_loops_ring,
          nicolae_gozag_cash_rules_everything_around_me,
          kennysheep_okawaru_gauntlet
D:9:      layout_big_octagon, serial_column_ruins, column_ruins_hut,
          column_ruins_grid_1, column_ruins_open_tiny, column_ruins_open_tiny,
          column_ruins_grid_3, column_ruins_open_large,
          column_ruins_columns_corner
D:10:     layout_stronghold, mainiacjoe_overflow_alcove_3,
          minmay_lair_entry_grove, st_stairs_12, nicolae_stop_n_shop_2,
          nrook_mini_backslash
D:11:     layout_roguey

Skill      XL: |  1  2  3  4  5  6  7  8  9 10 11 |
---------------+----------------------------------+-----
Axes           | 3 4 5 |  5.3
Fighting       | 4 |  4.6
Invocations    | 1 3 6 7 9 11 12 | 12.2
Ranged Weapons | 1 2 3 5 7 9 11 12 | 12.1
Armour         | |  3.2
Shields        | |  3.2

Action                   |  1- 3 |  4- 6 |  7- 9 | 10-12 || total
-------------------------+-------+-------+-------+-------++-------
Melee: War axe           |    77 |    73 |       |       ||   150
 Fire: Longbow           |       |    53 |   180 |   130 ||   363
Invok: Convert to Beogh  |       |     1 |       |       ||     1
Evoke: Wand              |       |       |     1 |       ||     1
  Use: Potion            |       |     1 |     3 |     2 ||     6
       Scroll            |       |     3 |     2 |     8 ||    13
Armor: Scale mail        |    42 |    56 |    21 |       ||   119
       Plate armour      |       |       |    46 |    49 ||    95
Dodge: Dodged            |    33 |    40 |    43 |    21 ||   137
Block: Kite shield       |    32 |    36 |       |       ||    68
